 Dungeon Crawl Stone Soup version 0.26-a0-851-g735459dd53 (webtiles) character file.

Game seed: 1340429657333552778

72 Peloso the Shield-Bearer (level 4, -4/40 HPs)
             Began as a Minotaur Fighter on Nov 21, 2020.
             Slain by an orc
             ... wielding a +0 war axe
              (8 damage)
             ... on level 3 of the Dungeon.
             The game lasted 00:03:11 (1548 turns).

Peloso the Shield-Bearer (Minotaur Fighter)         Turns: 1548, Time: 00:03:12

Health: -4/40      AC:  7    Str: 19 (20) XL:     4   Next: 7%
Magic:  3/3        EV:  7    Int:  5      God:
Gold:   115        SH:  9    Dex: 11      Spells: 3/3 levels left

rFire    . . .     SeeInvis .   a - +1 long sword
rCold    . . .     Faith    .   c - +0 kite shield
rNeg     . . .     Spirit   .   b - +0 scale mail
rPois    .         Reflect  .   (helmet restricted)
rElec    .         Harm     .   (no cloak)
rCorr    .         Rampage  .   (no gloves)
MR       .....                  (no boots)
Stlth    ..........             (no amulet)
HPRegen  0.13/turn              (no ring)
MPRegen  0.08/turn              (no ring)

@: no status effects
A: retaliatory headbutt, horns 2
a: no special abilities


You were on level 3 of the Dungeon.
You visited 1 branch of the dungeon, and saw 3 of its levels.

You collected 115 gold pieces.

Inventory:

Hand Weapons
 a - a +1 long sword (weapon)
Armour
 b - a +0 scale mail (worn)
 c - a +0 kite shield (worn)
Scrolls
 e - a scroll of identify
 f - a scroll of remove curse
 g - a scroll of enchant weapon
 i - a scroll of teleportation
Potions
 d - a potion of might


   Skills:
 + Level 4.0 Fighting
 + Level 3.1 Long Blades
 + Level 4.4 Armour
 + Level 0.2 Dodging
 + Level 4.6 Shields


You had 3 spell levels left.
You didn't know any spells.
Your spell library contained the following spells:

 Spells                   Type           Power        Failure   Level
 Animate Skeleton         Necr           #.....       99%         1
 Apportation              Tloc           #.....       99%         1
 Corona                   Hex            #......      99%         1
 Summon Small Mammal      Summ           #...         99%         1


Dungeon Overview and Level Annotations

Branches:
Dungeon (3/15)

Altars:
Fedhas
Trog
Uskayaw
Vehumet


Innate Abilities, Weirdness & Mutations

You reflexively headbutt those who attack you in melee.
You have a pair of horns on your head.


Message History

The orc shouts! x2; The orc priest shouts!
An orc comes into view. It is wielding a +0 war axe.
Found a scroll of remove curse.
A goblin comes into view. It is wielding a -1 club.
The goblin shouts!
The orc hits you but does no damage.
A goblin comes into view. It is wielding a +0 dagger.
A hobgoblin comes into view.
You block the orc's attack.
You hit the goblin.
The goblin is severely wounded.
The orc hits you but does no damage. You block the orc's attack.
The goblin closely misses you.
The orc priest mumbles some strange prayers to Beogh against you.
Beogh smites you!
* * * LOW HITPOINT WARNING * * *
The orc hits you.
* * * LOW HITPOINT WARNING * * *
The orc hits you with a +0 war axe!
You die...

...○☼.!<$.....##...>..
....##........##..?##
# ######.#......#
##.......###
##.......## #..##....#
........o.######
#o#.#.gooo......#
......g.o@......#
....##.g.?....# ....
#........# ...
#........# ..
#........# #........#
#........# #........#


You could see an orc priest, 4 orcs, a hobgoblin and 2 goblins.

Vanquished Creatures
  2 adders
  A worm (D:2)
  2 dart slugs
  A leopard gecko (D:1)
  6 giant cockroaches
  6 goblins
  7 hobgoblins
  3 jackals (D:2)
  2 kobolds (D:1)
  A quokka (D:3)
  4 bats
  3 frilled lizards
  5 rats
43 creatures vanquished.

Vanquished Creatures (others)
  An adder (D:3)
1 creature vanquished.

Grand Total: 44 creatures vanquished

Notes
Turn   | Place    | Note
-------+----------+-------------------------------------------
     0 | D:1      | Peloso the Minotaur Fighter began the quest for the Orb.
     0 | D:1      | Reached XP level 1. HP: 19/19 MP: 0/0
   107 | D:1      | Reached XP level 2. HP: 27/27 MP: 1/1
   546 | D:2      | Reached XP level 3. HP: 33/33 MP: 2/2
  1021 | D:2      | Found a hide-covered altar of Uskayaw.
  1021 | D:2      | Found a blossoming altar of Fedhas.
  1092 | D:2      | Found a bloodstained altar of Trog.
  1507 | D:3      | Found a radiant altar of Vehumet.
  1528 | D:3      | Reached XP level 4. HP: 17/40 MP: 3/3
  1548 | D:3      | Slain by an orc

Illustrated notes

Levels and vault maps discovered:
D:1:      dpeg_arrival_arbitrary_c, layout_rooms
D:2:      layout_basic, grunt_temple_overflow_open
D:3:      layout_rooms, fiery_altar_vehumet, chequers_ecumenical_altar_simple,
          gup_sewer_entry_spiral

Skill      XL: |  1  2  3 |
---------------+----------+-----
Armour         | 4 |  4.4
Shields        | 4 |  4.6
Fighting       | 4 |  4.0
Long Blades    | 3 |  3.1
Dodging        | |  0.2

Action                   |  1- 3 |  4- 6 || total
-------------------------+-------+-------++-------
Melee: Long sword        |   103 |     4 ||   107
       Headbutt          |    15 |       ||    15
  Use: Potion            |     2 |       ||     2
       Scroll            |       |     4 ||     4
Armor: Scale mail        |    66 |     3 ||    69
Dodge: Dodged            |    39 |     1 ||    40
Block: Kite shield       |    61 |     3 ||    64
       Rpst.: Long sword |     9 |       ||     9

Table legend: (Time is in decaauts)
 A = Elapsed time spent in this place.
 B = Non-inter-level travel time spent in this place.
 C = Inter-level travel time spent in this place.
 D = Time resting spent in this place.
 E = Time spent auto-exploring this place.
 F = Levels seen in this place.
 G = Mean time per level.
                   A        B        C        D        E       F      G
               +--------+--------+--------+--------+--------+-----+--------+
         Total |   1582 |   1502 |     80 |      0 |   1152 |   3 |  527.3 |
       Dungeon |   1582 |   1502 |     80 |      0 |   1152 |   3 |  527.3 |
               +--------+--------+--------+--------+--------+-----+--------+

Top non-repeatable levels by time:
     D:2: 1073 daAuts
     D:1: 464 daAuts
     D:3: 44 daAuts
